 Dungeon Crawl Stone Soup version 0.28.0-53-g5a82cb258f (webtiles) character file.

Game seed: 18120982182234688617

82 H0rd4k the Charlatan (level 4, -4/33 HPs)
             Began as a Human Artificer on May 23, 2022.
             Killed by divine providence
             ... invoked by an orc priest
              (11 damage)
             ... on level 3 of the Dungeon.
             The game lasted 00:02:04 (2804 turns).

H0rd4k the Charlatan (Human Artificer)              Turns: 2804, Time: 00:02:04

Health: -4/33      AC:  3    Str: 19    XL:     4   Next: 70%
Magic:  4/4        EV: 11    Int: 13    God:
Gold:   162        SH:  0    Dex: 13    Spells: 3/3 levels left

rFire   . . .      SeeInvis .   h - +0 whip (venom)
rCold   . . .      Faith    +   (no shield)
rNeg    + . .      Spirit   .   b - +0 leather armour
rPois   .          Reflect  .   (no helmet)
rElec   .          Harm     .   (no cloak)
rCorr   .          Rampage  .   (no gloves)
Will    .....                   (no boots)
Stlth   ++........              m - amulet of faith
HPRegen 0.11/turn               f - +6 ring of strength
MPRegen 0.09/turn               n - ring of positive energy

@: no status effects
A: no striking features
a: no special abilities


You were on level 3 of the Dungeon.
You visited 1 branch of the dungeon, and saw 3 of its levels.

You collected 162 gold pieces.

Inventory:

Hand Weapons
 a - a +0 club
 h - a +0 whip of venom (weapon)
Missiles
 g - 4 poisoned darts
Armour
 b - a +0 leather armour (worn)
Jewellery
 f - a +6 ring of strength (left hand)
 m - an amulet of faith (around neck)
 n - a ring of positive energy (right hand)
Wands
 c - a wand of flame (14) (quivered)
 d - a wand of charming (11)
Scrolls
 i - 3 scrolls of magic mapping {unknown}
Potions
 j - 2 potions of lignification {unknown}
 k - a potion of brilliance {unknown}
 l - 2 potions of heal wounds {unknown}
 o - a potion of might {unknown}
Miscellaneous
 e - a piece from Xom's chessboard (15/15)


   Skills:
 + Level 1.8 Fighting
 + Level 1.5 Maces & Flails
 + Level 2.6 Armour
 + Level 1.6 Dodging
 + Level 1.5 Stealth
 + Level 3.4 Evocations


You had 3 spell levels left.
You didn't know any spells.
Your spell library was empty.

Dungeon Overview and Level Annotations

Branches:
Dungeon (3/15)

Altars:

Annotations:
D:2 exclusion: downstairs


Message History

The orc is severely wounded.
The orc completely misses you. The orc hits you but does no damage.
You hit the orc.
You kill the orc!
The orc hits you from afar with a +0 trident.
The orc closely misses you.
The orc priest invokes the aid of Beogh against you.
Beogh smites you!
* * * LOW HITPOINT WARNING * * *
Things that are here:
a +0 club; a +0 scale mail; an orc corpse You are too injured to fight recklessly!
Aiming: Charm
Press: ? - help, Shift-Dir - straight line, f - orc
Aim: an orc, wielding a +0 trident (chance to affect: 74%)
The orc struggles to resist.
The orc hits you but does no damage.
Unknown command.
Aiming: Charm
Press: ? - help, Shift-Dir - straight line, f/p - orc
Aim: an orc, wielding a +0 trident (chance to affect: 74%)
The orc is charmed.
The orc priest looks encouraged for a moment.
Unknown command.
What are your orders? t - Shout!
Orders for allies: a - Attack new target. p - Attack previous target. r - Retreat! s - Stop attacking. g - Guard the area. f - Follow me.
Anything else - Cancel.
Guard this area!
Your orc hits the orc priest with a +0 trident!
The orc priest hits your orc with a +0 short sword.
Your orc closely misses the orc priest.
The orc priest closely misses your orc.
Things that are here:
a +0 club; a goblin skeleton The orc priest closely misses your orc.
Your orc hits the orc priest with a +0 trident.
The orc priest mumbles some strange prayers to Beogh against you.
Beogh smites you!
You die...

o# .g # #. #.##.# #..(..
..... .#.##.o###
......oo)### .......##)@###
##.#### ###..##########
###..#....... #.
##)'..⌠8⌠.. ##.##
###).#....... #...#
###..##########
#...#####..###....##.######
#...##...#####.##.##......#
#...##.###................#


You could see 2 orc priests and a friendly orc (charmed).

Vanquished Creatures
  3 adders (D:2)
  2 dart slugs
  2 orcs (D:3)
  3 ball pythons
  2 endoplasms
  3 giant cockroaches
  8 goblins
  6 hobgoblins
  4 kobolds
  4 bats
  3 rats
40 creatures vanquished.

Vanquished Creatures (collateral kills)
  An orc (D:3)
  An endoplasm (D:3)
  2 goblins (D:3)
4 creatures vanquished.

Vanquished Creatures (others)
  A quokka (D:3)
1 creature vanquished.

Grand Total: 45 creatures vanquished

Notes
Turn   | Place    | Note
-------+----------+-------------------------------------------
     0 | D:1      | H0rd4k the Human Artificer began the quest for the Orb.
     0 | D:1      | Reached XP level 1. HP: 15/15 MP: 1/1
   175 | D:1      | Reached XP level 2. HP: 19/21 MP: 2/2
   964 | D:1      | Reached XP level 3. HP: 26/26 MP: 3/3
  1341 | D:2      | Found a faded altar of an unknown god.
  1354 | D:2      | Reached skill level 1 in Maces & Flails
  1499 | D:2      | Reached XP level 4. HP: 18/32 MP: 4/4
  2804 | D:3      | Killed from afar by an orc priest

Illustrated notes

Levels and vault maps discovered:
D:1:      shiori_arrival_elements, layout_basic, minmay_misc_feat_secret_circle,
          lemuel_old_faithful
D:2:      layout_loops_ring, shapermc_ecumenical_altar_totnotflames,
          minmay_crystal_room
D:3:      layout_loops_cross, serial_shops, shop, grunt_decor_clamped,
          chequers_serial_rivers_small_b, solitary_fountain

Skill      XL: |  1  2  3 |
---------------+----------+-----
Maces & Flails | 1 |  1.5
Fighting       | |  1.8
Armour         | |  2.6
Dodging        | |  1.6
Stealth        | |  1.5
Evocations     | |  3.4

Action                   |  1- 3 |  4- 6 || total
-------------------------+-------+-------++-------
Melee: Club              |    54 |       ||    54
       Whip              |    38 |    39 ||    77
       Punch             |     2 |       ||     2
Evoke: Wand              |     1 |     4 ||     5
 Stab: Sleeping          |     3 |     2 ||     5
Armor: Leather armour    |    26 |    12 ||    38
Dodge: Dodged            |    57 |    28 ||    85
